Map: Sanctuary III LE

Players

vanguard

  • Race: Protoss Protoss
  • League: Diamond

Altik - Winner!

  • Race: Protoss Protoss
  • League: Diamond

VOD

Have the link to the VOD?

Description

Time

  • Played on: Aug. 5, 2026, 3:09 p.m.
  • Length: 12:22
Show
View Real Time Build Order
Export as new Build Order

vanguard Protoss 

Build Orders:  

Get SALT Encoding   

  8  0:00  Probe (Chrono Boost)  
  9  0:12  Probe (Chrono Boost)  
  10  0:20  Probe (Chrono Boost)  
  11  0:26  Probe  
  12  0:35  Pylon  
  12  0:40  Probe  
  13  0:53  Probe  
  14  1:01  Gateway  
  14  1:06  Probe (Chrono Boost)  
  15  1:15  Probe (Chrono Boost)  
  16  1:29  Probe  
  16  1:30  Gateway  
  17  1:41  Assimilator  
  17  1:50  Cybernetics Core  
  18  1:57  Assimilator  
  18  1:59  Probe  
  18  2:11  Probe  
  19  2:16  Pylon  
  19  2:23  Probe  
  20  2:34  Adept x2  
  20  2:36  Warp Gate (Chrono Boost)  
  24  2:38  Probe  
  25  2:50  Probe  
  26  3:07  Stalker  
  28  3:16  Gateway  
  28  3:20  Pylon  
  28  3:21  Probe  
  29  3:38  Stalker  
  29  3:41  Pylon  
  31  3:47  Stalker  
  33  3:51  Probe  
  34  4:04  Probe  
  34  4:09  Stalker x2  
  37  4:17  Pylon  
  37  4:23  Stalker  
  39  4:26  Sentry  
  39  4:29  Sentry  
  43  4:36  Pylon  
  39  5:09  Zealot x3  
  43  5:23  Zealot x3  
  47  5:36  Zealot, Stalker, Sentry  
  49  5:49  Stalker  
  49  5:50  Stalker  
  49  6:02  Stalker  
  51  6:20  Nexus  
  47  6:37  Zealot x2  
  37  6:58  Stalker x3  
  37  7:09  Probe  
  38  7:18  Adept  
  38  7:20  Pylon  
  38  7:21  Probe  
  41  7:28  Twilight Council  
  41  7:33  Probe  
  41  7:34  Probe  
  43  7:43  Sentry  
  45  7:45  Shield Battery, Sentry, Probe  
  45  7:50  Shield Battery  
  46  7:55  Sentry  
  46  7:56  Sentry  
  49  8:13  Probe (Chrono Boost), Charge (Chrono Boost)  
  49  8:18  Probe (Chrono Boost)  
  50  8:20  Zealot  
  50  8:23  Probe (Chrono Boost)  
  50  8:26  Probe (Chrono Boost)  
  54  8:27  Probe (Chrono Boost)  
  54  8:28  Adept x2  
  59  8:37  Probe  
  59  8:39  Probe  
  59  8:40  Pylon  
  61  8:49  Zealot x3, Probe  
  61  8:51  Probe  
  69  9:01  Probe  
  70  9:03  Probe  
  71  9:13  Probe  
  72  9:24  Nexus  
  72  9:25  Zealot x3  
  72  9:27  Forge  
  74  9:38  Zealot  
  66  9:40  Zealot  
  66  9:41  Zealot  
  62  9:50  Protoss Ground Weapons Level 1 (Chrono Boost)  
  62  9:52  Zealot  
  60  9:54  Zealot x2  
  60  9:59  Robotics Facility  
  64  10:00  Gateway  
  64  10:02  Probe x2  
  64  10:05  Zealot, Assimilator  
  68  10:09  Pylon  
  68  10:13  Shield Battery  
  68  10:14  Probe  
  69  10:26  Zealot x3  
  75  10:30  Photon Cannon  
  75  10:39  Zealot x2  
  75  10:42  Probe x2  
  81  10:49  Probe, Assimilator  
  82  10:54  Probe x2  
  84  11:02  Templar Archives  
  84  11:03  Robotics Facility  
  84  11:04  Observer  
  84  11:07  Probe x2  
  87  11:12  Assimilator  
  87  11:13  Probe  
  87  11:15  Assimilator  
  88  11:19  Probe  
  88  11:21  Stalker x2  
  88  11:22  Probe  
  88  11:25  Probe  
  95  11:30  Immortal  
  97  11:54  High Templar x2  
  97  11:56  Probe x3  
  102  12:08  Probe  
Show
View Real Time Build Order
Export as new Build Order

Altik Protoss - Winner!

Build Orders: Chargelot Immortal 

Get SALT Encoding   

  8  0:00  Probe (Chrono Boost)  
  9  0:12  Probe (Chrono Boost)  
  10  0:19  Probe (Chrono Boost)  
  11  0:26  Probe  
  12  0:32  Pylon  
  12  0:40  Probe  
  13  0:52  Probe  
  13  0:56  Gateway  
  14  1:04  Probe (Chrono Boost)  
  14  1:08  Assimilator  
  15  1:16  Probe (Chrono Boost)  
  16  1:22  Probe (Chrono Boost)  
  17  1:30  Probe  
  18  1:42  Probe  
  18  1:45  Cybernetics Core  
  19  1:55  Probe  
  20  2:07  Probe  
  21  2:16  Nexus  
  21  2:17  Pylon  
  21  2:24  Warp Gate  
  21  2:35  Stalker  
  23  2:37  Shield Battery  
  23  2:43  Probe (Chrono Boost)  
  24  2:47  Assimilator  
  24  2:52  Probe (Chrono Boost)  
  24  2:57  Probe (Chrono Boost)  
  26  3:08  Stalker  
  27  3:13  Probe  
  28  3:28  Probe  
  28  3:29  Probe  
  30  3:35  Stalker  
  30  3:39  Pylon  
  30  3:40  Probe  
  33  3:41  Probe  
  33  3:47  Robotics Facility  
  34  3:52  Pylon, Probe  
  34  3:53  Probe  
  34  4:05  Probe x2  
  35  4:17  Probe x2  
  36  4:24  Pylon  
  37  4:29  Probe x2  
  37  4:31  Twilight Council  
  39  4:32  Gateway  
  39  4:39  Observer  
  39  4:41  Probe  
  39  4:42  Probe  
  41  5:06  Probe  
  41  5:07  Immortal (Chrono Boost), Stalker  
  46  5:16  Shield Battery  
  44  5:27  Probe x2  
  44  5:31  Shield Battery  
  38  5:54  Probe (Chrono Boost)  
  38  5:55  Probe (Chrono Boost)  
  40  6:05  Immortal  
  40  6:06  Zealot x2, Probe (Chrono Boost)  
  50  6:11  Probe (Chrono Boost)  
  50  6:13  Twilight Council  
  50  6:18  Pylon  
  50  6:24  Shield Battery  
  50  6:34  Probe x2  
  36  6:42  Zealot  
  36  6:43  Zealot  
  36  6:46  Probe x2  
  41  6:58  Zealot  
  41  6:59  Zealot  
  41  7:04  Probe (Chrono Boost)  
  41  7:07  Probe (Chrono Boost)  
  44  7:16  Probe (Chrono Boost)  
  44  7:20  Probe (Chrono Boost)  
  44  7:22  Probe (Chrono Boost)  
  45  7:24  Immortal  
  45  7:28  Probe  
  51  7:31  Probe  
  52  7:40  Probe  
  53  7:47  Probe  
  54  7:53  Probe  
  54  7:56  Stalker  
  57  7:59  Charge (Chrono Boost)  
  57  8:04  Stalker  
  51  8:17  Stalker  
  51  8:18  Probe x2  
  55  8:22  Pylon  
  55  8:28  Zealot  
  55  8:30  Probe  
  55  8:32  Forge  
  58  8:34  Assimilator  
  58  8:39  Assimilator  
  58  8:41  Immortal  
  62  8:42  Pylon  
  62  8:45  Gateway  
  62  8:46  Gateway  
  62  8:55  Probe x2  
  64  8:58  Zealot  
  64  9:00  Zealot  
  68  9:03  Pylon  
  68  9:06  Pylon  
  68  9:25  Immortal  
  68  9:26  Nexus  
  68  9:29  Robotics Bay  
  66  9:45  Zealot x4  
  68  9:54  Protoss Ground Weapons Level 1 (Chrono Boost)  
  68  9:56  Probe x2, Robotics Facility  
  70  10:01  Pylon  
  70  10:11  Zealot x3, Colossus  
  76  10:18  Extended Thermal Lance (Chrono Boost)  
  82  10:22  Probe x2  
  82  10:28  Pylon  
  84  10:31  Pylon  
  84  10:33  Colossus (Chrono Boost)  
  84  10:49  Probe x3  
  93  10:59  Assimilator  
  93  11:01  Probe x3  
  96  11:10  Colossus (Chrono Boost)  
  102  11:16  Probe x3  
  105  11:22  Immortal (Chrono Boost)  
  105  11:23  Assimilator  
  109  11:26  Pylon  
  109  11:30  Gateway  
  109  11:34  Gateway  
  109  11:46  Photon Cannon  
  108  11:54  Templar Archives  
  108  11:57  Zealot x4  
Tags
 
Add a new tag
Caveats
  • Supply blocks, unpowered buildings, or Contaminate may cause inaccurate times.
  • Supply counts are checked every 10 seconds.